 Dungeon Crawl Stone Soup version 0.26-a0-227-g1af32d979d (webtiles) character file.

Game seed: 9701873502570577863

30 BritishOli the Cutter (level 3, 28/28 HPs)
             Began as a Demonspawn Gladiator on July 7, 2020.
             Got out of the dungeon alive.
             The game lasted 00:01:11 (963 turns).

BritishOli the Cutter (Demonspawn Gladiator)         Turns: 963, Time: 00:01:12

Health: 28/28      AC:  7    Str: 15    XL:     3   Next: 5%
Magic:  3/3        EV: 13    Int:  9    God:
Gold:   29         SH:  0    Dex: 14    Spells: 2/2 levels left

rFire    . . .     SeeInvis .   a - +0 rapier
rCold    . . .     Faith    .   (no shield)
rNeg     . . .     Spirit   .   b - +0 leather armour
rPois    .         Reflect  .   c - +0 helmet
rElec    .         Harm     .   j - +0 cloak
rCorr    .                      (no gloves)
MR       .....                  (no boots)
Stlth    +.........             (no amulet)
HPRegen  0.09/turn              (no ring)
MPRegen  0.08/turn              (no ring)

@: no status effects
A: thin metallic scales 1
a: no special abilities


You escaped.
You were not hungry.

You visited 1 branch of the dungeon, and saw 1 of its levels.

You collected 29 gold pieces.

Inventory:

Hand Weapons
 a - a +0 rapier (weapon)
Missiles
 d - 3 throwing nets (quivered)
Armour
 b - a +0 leather armour (worn)
 c - a +0 helmet (worn)
 j - a +0 cloak (worn)
Scrolls
 e - 2 scrolls of remove curse {unknown}
 g - a scroll of enchant armour {unknown}
 i - 4 scrolls of identify {unknown}
Potions
 h - 2 potions of lignification {unknown}
 k - a potion of brilliance {unknown}
 l - a potion of invisibility {unknown}
 m - 2 potions of flight {unknown}
Comestibles
 f - 2 rations


   Skills:
 * Level 2.4 Fighting
 + Level 3.1 Short Blades
 + Level 1.7 Throwing
 * Level 1.1 Armour
 + Level 2.8 Dodging


You had 2 spell levels left.
You didn't know any spells.
Your spell library was empty.

Dungeon Overview and Level Annotations

Branches:
Dungeon (1/15)

Altars:


Innate Abilities, Weirdness & Mutations

You are partially covered in thin metallic scales. (AC +2)


Message History

Found 10 gold pieces.
Okay, then.
The kobold barely misses you.
You hit the kobold.
You kill the kobold!
No target in view!
No target in view!
No target in view!
You enter the shallow water.
Moving in this stuff is going to be slow.
(D) Dungeon
Where to? (Enter - D:1 @ (x,y), ? - help)
Okay, then.
There is a staircase leading out of the dungeon here.
Are you sure you want to leave the Dungeon?
This will make you lose the game!
Alright, then stay!
Are you sure you want to leave the Dungeon?
This will make you lose the game!
Alright, then stay!
Are you sure you want to leave the Dungeon?
This will make you lose the game!
You have escaped!

#.#..#####....#........#
##.#.###.............##.##
...#.........#.....#.##..#
.###..##.#...##...##...#.#
.....###.....###.###.....#
.###.###..###.##.##.###..#
.#.........###.#.#.###...#
##..........####.####....#
##..............@........#
#..........####.####...##
#.........###.#.#.###..#
#........###.##.##.###.#
##...........###.###....#
#............##...##...##
#...........)#.....#.###
#.###.#####..........#
..###.########.....###


There were no monsters in sight!

Vanquished Creatures
  A leopard gecko (D:1)
  3 bats (D:1)
  4 giant cockroaches (D:1)
  2 hobgoblins (D:1)
  3 jackals (D:1)
  2 frilled lizards (D:1)
  6 kobolds (D:1)
  6 rats (D:1)
27 creatures vanquished.

Notes
Turn   | Place    | Note
-------+----------+-------------------------------------------
     0 | D:1      | BritishOli the Demonspawn Gladiator began the quest for the
                  | Orb.
     0 | D:1      | Reached XP level 1. HP: 16/16 MP: 1/1
   218 | D:1      | Gained mutation: You are partially covered in thin metallic
                  | scales. (AC +2) [demonic ancestry]
   218 | D:1      | Reached XP level 2. HP: 17/22 MP: 2/2
   497 | D:1      | Reached skill level 1 in Armour
   499 | D:1      | Reached skill level 3 in Short Blades
   680 | D:1      | Reached XP level 3. HP: 22/28 MP: 3/3
   963 | D:$      | Got out of the dungeon alive.

Illustrated notes

Levels and vault maps discovered:
D:1:      roderic_crossed_star, layout_rooms, chequers_serial_rivers_large_a

Skill      XL: |  1  2 |
---------------+-------+-----
Armour         | 1 |  1.1
Short Blades   | 3 |  3.1
Fighting       | |  2.4
Throwing       | |  1.7
Dodging        | |  2.8

Action                   || total
-------------------------++-------
Melee: Rapier            ||    81
Armor: Leather armour    ||    37
Dodge: Dodged            ||    76

Table legend:
 A = Non-vault XP
 B = Vault XP
 C = Vault XP percentage of total XP
 D = Non-vault monster count
 E = Vault monster count
 F = Vault count percentage of total count
                 A         B        C        D         E       F
            +---------+---------+-------+---------+---------+-------
      Total |      44 |       0 |   0.0 |      27 |       0 |   0.0
            +---------+---------+-------+---------+---------+-------
        D:1 |      44 |       0 |   0.0 |      27 |       0 |   0.0
            +---------+---------+-------+---------+---------+-------
